 Dungeon Crawl Stone Soup version 0.32-a0-995-gb4a5920 (webtiles) character file.

Game seed: 6049504039978262902

163517 10x100sm the Severer (level 18, -12/151 HPs)
             Began as a Formicid Fighter on Apr 22, 2024.
             Was the Champion of Okawaru.
             Hit by a silver javelin thrown by a merfolk javelineer (15 damage)
             ... on level 2 of the Shoals.
             The game lasted 01:10:19 (31516 turns).

10x100sm the Severer (Formicid Fighter)            Turns: 31516, Time: 01:10:20

Health: -12/151    AC: 27    Str: 29    XL:     18   Next: 46%
Magic:  25/25      EV: 13    Int: 14    God:    Okawaru [******]
Gold:   2935       SH: 16    Dex:  8    Spells: 17/17 levels left

rFire   + + +        a - +0 arbalest "Taicy" {penet, rF- rN++ Str+5}
rCold   . . .        J - +0 kite shield
rNeg    + + .        x - +2 plate armour {rF+}
rPois   +            (helmet unavailable)
rElec   .            B - +2 cloak {rPois}
rCorr   .            v - +3 Mad Mage's Maulers {Infuse+∞ VampMP -Cast}
SInv    +            Q - +0 pair of boots
Will    +....        G - amulet of reflection Stlth
                     k - ring of Birdsong {rF+++ EV+5 Str-4 Int+5 Dex-5}
HPRegen 0.45/turn    s - ring of flight
MPRegen 0.19/turn

%: no spellcasting, reflection, infuse magic (25 MP)
@: flying
A: permanent stasis, dig shafts and tunnels, antennae 3, four strong arms
a: Dig, Shaft Self, Renounce Religion, Heroism, Finesse, Duel


You were on level 2 of the Shoals.
You worshipped Okawaru.
Okawaru was exalted by your worship.
You visited 6 branches of the dungeon, and saw 26 of its levels.
You also visited: Bailey and Volcano.

You collected 3269 gold pieces.
You spent 334 gold pieces at shops.

Inventory:

Hand Weapons
 a - the +0 arbalest "Taicy" (weapon) {penet, rF- rN++ Str+5}
   (You found it on level 12 of the Dungeon)

   Str+5:     It affects your strength (+5).
   rF-:       It makes you vulnerable to fire.
   rN++:      It greatly protects you from negative energy.
 b - the +8 frozen axe "Frostbite" {freeze, freezing cloud, *Noise Fly rC+}
   (Okawaru gifted it to you on level 14 of the Dungeon)

   rC+:       It protects you from cold.
   Fly:       It grants you flight.
   *Noise:    It may make a loud noise when swung.
 e - a +0 antimagic trident
 O - a +1 glaive of flaming
Missiles
 t - 12 curare-tipped darts
 y - a throwing net
Armour
 v - the +3 Mad Mage's Maulers (worn) {Infuse+∞ VampMP -Cast}
   (Okawaru gifted it to you on level 14 of the Dungeon)

   Infuse+∞: It empowers its wearer's blows with all of their magic.
   VampMP:    Blows struck in melee replenish the wearer's magic.
   -Cast:     It prevents spellcasting.
 x - a +2 plate armour of fire resistance (worn)
 B - a +2 cloak of poison resistance (worn)
 D - a scarf of repulsion
 J - a +0 kite shield (worn)
 Q - a +0 pair of boots (worn)
Jewellery
 k - the ring of Birdsong (left hand) {rF+++ EV+5 Str-4 Int+5 Dex-5}
   (You found it on level 2 of the Dungeon)

   [ring of evasion]

   EV+5:      It affects your evasion (+5).
   Str-4:     It affects your strength (-4).
   Int+5:     It affects your intelligence (+5).
   Dex-5:     It affects your dexterity (-5).
   rF+++:     It renders you almost immune to fire.
 s - a ring of flight (right hand)
 G - an amulet of reflection (around neck)
 W - a ring of fire
 X - a ring of positive energy
Wands
 i - a wand of digging (22)
 q - a wand of warping (37)
 A - a wand of polymorph (2)
 F - a wand of charming (37)
 L - a wand of flame (52)
 S - a wand of acid (12)
 Y - a wand of mindburst (5)
Scrolls
 f - 3 scrolls of poison
 j - 2 scrolls of blinking {unknown}
 o - 2 scrolls of revelation
 p - 7 scrolls of amnesia {unknown}
 r - a scroll of fog
 u - 2 scrolls of silence {unknown}
 w - 5 scrolls of identify
 z - 8 scrolls of enchant armour
 E - 3 scrolls of brand weapon {unknown}
 H - a scroll of acquirement
 M - 3 scrolls of enchant weapon {unknown}
 P - a scroll of butterflies
 R - 5 scrolls of vulnerability
 U - 2 scrolls of immolation
 V - 3 scrolls of fear
Potions
 d - 3 potions of might
 g - 3 potions of mutation {unknown}
 h - 8 potions of heal wounds {unknown}
 l - 2 potions of resistance
 m - 9 potions of curing
 n - 6 potions of brilliance {unknown}
 C - 4 potions of magic {unknown}
 K - 3 potions of attraction
 N - a potion of berserk rage {unknown}
 T - a potion of enlightenment {unknown}
Miscellaneous
 c - a condenser vane


   Skills:
 - Level 16.0 Fighting
 + Level 18.1 Axes
 - Level 13.0 Ranged Weapons
 - Level 13.0 Armour
 - Level 5.0 Dodging
 - Level 13.0 Shields
 - Level 10.0 Invocations
 - Level 5.0 Evocations


You had 17 spell levels left.
You didn't know any spells.
Your spell library contained the following spells:

 Spells                   Type           Power      Damage    Failure   Level
 Apportation              Tloc           0%         N/A       95%         1
 Magic Dart               Conj           0%         1d3       95%         1
 Necrotise                Necr           0%         1d4       95%         1
 Sting                    Conj/Alch      0%         1d3       95%         1
 Ensorcelled Hibernation  Hex/Ice        0%         N/A       99%         2
 Lesser Beckoning         Tloc           0%         N/A       99%         2
 Searing Ray              Conj           0%         2d4       99%         2
 Teleport Other           Tloc           0%         N/A       100%        3
 Fulminant Prism          Conj/Alch      0%         3d5       100%        4
 Leda's Liquefaction      Alch/Erth      0%         N/A       100%        4
 Petrify                  Alch/Erth      0%         N/A       100%        4
 Fireball                 Conj/Fire      0%         3d3       100%        5
 Metabolic Englaciation   Hex/Ice        0%         N/A       100%        5
 Silence                  Hex/Air        0%         N/A       100%        5
 Orb of Destruction       Conj           0%         9d5       100%        7
 Summon Small Mammal      Summ           Unusable   N/A       N/A         1
 Maxwell's Portable Pile  Tloc           Unusable   2d(5-13)  N/A         3
 Summon Blazeheart Golem  Fire/Summ      Unusable   N/A       N/A         4
 Summon Mana Viper        Hex/Summ       Unusable   N/A       N/A         5
 Spellforged Servitor     Conj/Summ      Unusable   N/A       N/A         7

Dungeon Overview and Level Annotations

Branches:
Dungeon (15/15)            Temple (1/1) D:4            Lair (5/5) D:8
 Shoals (2/4) Lair:2       Spider (1/4) Lair:2        Slime (0/5) Lair:5
    Orc (2/2) D:11            Elf (0/3) Orc:2        Vaults (0/5) D:14
 Depths (0/4) D:15         Bailey (visited)         Volcano (visited)

Altars:
Ashenzari
Cheibriados
Dithmenos
Elyvilon
Fedhas
Gozag
Hepliaklqana
Kikubaaqudgha
Makhleb
Nemelex Xobeh
Okawaru
Qazlal
Ru
Sif Muna
Trog
Uskayaw
Vehumet
Wu Jian
Xom
Yredelemnul
Zin
The Shining One

Shops:
Orc:1 [   Orc:2 *!*!

Annotations:
D:8 2 transporters, dunhillx's ghost, novice TrBe
Lair:4 exclusion: 3 oklob plants


Innate Abilities, Weirdness & Mutations

You cannot be hasted, slowed, berserked, paralysed or teleported.
You can dig through walls and to a lower floor.
You have a pair of large antennae on your head. (SInv)
Your four strong arms can wield two-handed weapons with a shield.


Message History

You shoot a bolt.
The bolt closely misses the merfolk javelineer.
The merfolk javelineer throws a silver javelin.
The silver javelin pierces through you!
The merfolk javelineer throws a silver javelin.
The silver javelin pierces through you!
Fire: a) +0 arbalest "Taicy" {penet, rF- rN++ Str+5}
Press: ? - help, Q - select action, (/) - cycle Shift-Dir - straight line, f/p - merfolk javelineer
Aim: a merfolk javelineer, wielding a +0 spear, wearing a +0 leather armour and quivering silver javelins (moderately wounded, 60% to hit)
You shoot a bolt.
The bolt pierces through the merfolk javelineer!
The merfolk javelineer is heavily wounded.
The merfolk javelineer throws a silver javelin.
The silver javelin pierces through you!!
* * * LOW HITPOINT WARNING * * *
x2 The merfolk javelineer throws a silver javelin.
The silver javelin pierces through you but does no damage.
* * * LOW HITPOINT WARNING * * *
Things that are here:
a +0 sling; a +0 quarterstaff; a faun skeleton
Aiming: Polymorph
Press: ? - help, Shift-Dir - straight line, f/p - merfolk javelineer
Aim: a merfolk javelineer, wielding a +0 spear, wearing a +0 leather armour and quivering silver javelins (heavily wounded, will become a spark wasp, an alligator, or a manticore, chance to affect: 27%)
The merfolk javelineer easily resists.
The merfolk javelineer throws a silver javelin.
The silver javelin pierces through you!!
* * * LOW HITPOINT WARNING * * *
x2
Aiming: Polymorph
Press: ? - help, Shift-Dir - straight line, f/p - merfolk javelineer
Aim: a merfolk javelineer, wielding a +0 spear, wearing a +0 leather armour and quivering silver javelins (heavily wounded, will become a spark wasp, an alligator, or a manticore, chance to affect: 27%)
The merfolk javelineer easily resists.
The merfolk javelineer throws a silver javelin.
The silver javelin closely misses you.
Aiming: Polymorph
Press: ? - help, Shift-Dir - straight line, f/p - merfolk javelineer
Aim: a merfolk javelineer, wielding a +0 spear, wearing a +0 leather armour and quivering silver javelins (heavily wounded, will become a spark wasp, an alligator, or a manticore, chance to affect: 27%)
The merfolk javelineer easily resists.
The merfolk javelineer throws a silver javelin.
The silver javelin pierces through you!
You die...

≈≈≈≈~~~~~~~..
≈≈≈≈≈~~~~~~~.### ..~P
~~≈≈≈≈~~~~~~~m... ....P
.~~~~~~~~~~~~~... #...P~
.~~~~~~~~~~~~~~.....#..~~P
..~~~~..~~~~)~~~.......P~≈
#..~~....~)~~~~~~......~P≈
#......)@~~~~~~~~~P~~~P~≈
##.#..~~~~~≈≈≈≈≈≈≈≈≈≈~~~
#....))~~~~~~~~~~~~~~~~
###!()~~~~~~~~~~~~~~~~~
##..~~~~~~~~~~~~~....
##..~.~~~~~......#P. ###
#.~..~~~~..###.####
##.###~~~~~~~~.## ###
#....~~~~~~~~~..#


You could see a merfolk javelineer.

Vanquished Creatures
  A kraken (Shoals:1)
  2 acid blobs (Lair:5)
  Gastronok (Lair:3)
  Polyphemus (Shoals:2)
  Nessos (D:13)
  A merfolk javelineer (Shoals:2)
  2 merfolk impalers (Shoals:2)
  A rakshasa (D:15)
  Erolcha (D:13)
  An ogre mage (D:15)
  A merfolk avatar (Shoals:2)
  The ghost of Jueryup the Fighter, a journeyman OpMo of Qazlal (Lair:2)
  10 hydras
  A radroach (Spider:1)
  5 boulder beetles
  A dancing weapon (D:6)
  A deep troll shaman (Lair:5)
  2 merfolk aquamancers
  3 catoblepae
  5 centaur warriors
  A tengu warrior (D:13)
  17 death yaks
  9 two-headed ogres
  2 orc high priests (Orc:2)
  Amaemon (D:10)
  Lodul (D:12)
  3 sea snakes (Shoals:2)
  7 skeletal warriors
  The ghost of ddoljuk the Changeling, a novice TrSh of Cheibriados (D:6)
  4 skysharks
  A glowing orange brain (D:15)
  3 obsidian bats
  7 orc knights
  11 harpies
  2 anaconda skeletons (Volcano)
  A deep elf pyromancer (D:14)
  A necromancer (D:9)
  4 orc sorcerers (Orc:2)
  6 fauns (Shoals:2)
  9 cyclopes
  An oklob plant (Lair:4)
  8 manticores
  14 ugly things
  The ghost of Girthnturf the Cutter, a novice CoEn (D:5)
  2 alligator skeletons (Volcano)
  3 merfolk sirens
  7 kobold blastminers
  2 water nymphs
  6 meliai
  16 slime creatures
  23 elephants
  4 black mambas
  3 molten gargoyles (D:13)
  2 orange demons
  6 gargoyles
  15 cane toads
  Maggie (Lair:2)
  A rime drake (Lair:1)
  A kobold demonologist (D:9)
  A tengu conjurer (D:13)
  10 komodo dragons
  3 unseen horrors (D:13)
  6 merfolk
  A queen bee (D:14)
  3 wind drakes
  6 trolls
  28 blink frogs
  7 polar bears
  A hornet (shapeshifter) (D:15)
  2 jumping spiders
  A hornet (D:7)
  Grinder (D:3)
  3 harpy skeletons (Volcano)
  2 snapping turtles
  A raiju (D:12)
  32 dream sheep
  Sigmund (D:4)
  A vampire (D:11)
  A wraith (D:9)
  5 water elementals
  A culicivora (shapeshifter) (D:15)
  4 shadows
  7 wyverns
  A fire bat (D:12)
  16 humans (D:14)
  6 steam dragons
  2 basilisks
  68 yaks
  3 wargs (Orc:2)
  A redback (Lair:2)
  15 vampire mosquitoes
  2 acid dragons
  A hell hound (D:12)
  8 water moccasins
  24 orc warriors
  2 black bears
  An ice beast (D:6)
  2 laughing skulls (Volcano)
  30 wolves
  15 ogres
  23 centaurs
  A phantom (D:5)
  A weeping skull (Volcano)
  Blork the orc (D:4)
  2 kobold brigands (D:3)
  3 gnoll sergeants
  4 scorpions
  16 bullfrogs
  4 wights (D:7)
  31 killer bees
  A spriggan skeleton (Volcano)
  A bombardier beetle (D:4)
  A troll skeleton (Volcano)
  An electric eel (Lair:4)
  A jelly (D:8)
  15 orc priests
  A gnoll bouda (D:8)
  A hound (D:5)
  Crazy Yiuf (D:7)
  4 iguanas
  A sleepcap (D:5)
  24 orc wizards
  Natasha (thrice) (D:2)
  A statue (D:3)
  2 yak simulacra (D:9)
  4 polar bear simulacra (D:9)
  2 wolf simulacra (D:9)
  2 naga skeletons (Volcano)
  28 gnolls
  7 adders
  A river rat (D:9)
  A white imp (D:8)
  2 ufetubi (D:6)
  4 dart slugs
  5 ribbon worms
  74 orcs
  5 bats (D:1)
  6 endoplasms
  6 goblins
  11 hobgoblins
  2 jackals (D:3)
  8 quokkas
  9 ball pythons
  4 frilled lizards
  10 kobolds
  5 rats
  3 river rat simulacra (D:9)
  5 tentacles (Shoals:1)
922 creatures vanquished.

Vanquished Creatures (others)
  An orc high priest (Orc:2)
  A faun (Shoals:2)
  A merfolk (Shoals:1)
  A water elemental (Shoals:1)
  An orc priest (D:7)
  An orc wizard (Orc:1)
  An orc (Orc:2)
  3 tentacles (Shoals:1)
10 creatures vanquished.

Grand Total: 932 creatures vanquished

Notes
Turn   | Place    | Note
-------+----------+-------------------------------------------
     0 | D:1      | 10x100sm the Formicid Fighter began the quest for the Orb.
     0 | D:1      | Reached XP level 1. HP: 18/18 MP: 1/1
    73 | D:1      | Reached XP level 2. HP: 24/24 MP: 2/2
   118 | D:1      | Reached skill level 3 in Axes
   267 | D:1      | Reached XP level 3. HP: 29/29 MP: 3/3
   608 | D:2      | Noticed Natasha
   718 | D:2      | Identified the ring of Birdsong {rF+++ EV+5 Str-4 Int+5
                  | Dex-5}
   745 | D:2      | Identified the staff "Ruare" {rElec SInv Air}
   781 | D:2      | Found a faded altar of an unknown god.
   794 | D:2      | Reached skill level 4 in Axes
   794 | D:2      | Reached XP level 4. HP: 35/35 MP: 4/4
   833 | D:2      | Killed Natasha
   863 | D:2      | Noticed Natasha
   866 | D:2      | Killed Natasha
   867 | D:2      | Reached XP level 5. HP: 41/41 MP: 5/5
   936 | D:3      | Reached skill level 5 in Axes
   940 | D:3      | Noticed Grinder
  1069 | D:2      | Noticed Natasha
  1071 | D:2      | Killed Natasha
  1347 | D:3      | Killed Grinder
  1348 | D:3      | Reached skill level 6 in Axes
  1348 | D:3      | Reached XP level 6. HP: 18/47 MP: 6/6
  1348 | D:3      | Reached XP level 7. HP: 20/52 MP: 7/7
  1955 | D:3      | Reached skill level 5 in Evocations
  2246 | D:3      | Found a radiant altar of Vehumet.
  2769 | D:4      | Noticed Sigmund
  2790 | D:4      | Reached XP level 8. HP: 51/60 MP: 8/8
  2872 | D:4      | Killed Sigmund
  2873 | D:4      | Reached skill level 7 in Axes
  3027 | D:4      | Noticed Blork the orc
  3031 | D:4      | Killed Blork the orc
  3032 | D:4      | Reached skill level 5 in Fighting
  3102 | D:4      | Found a staircase to the Ecumenical Temple.
  3116 | Temple   | Entered the Ecumenical Temple
  3640 | D:5      | Entered Level 5 of the Dungeon
  3824 | D:5      | Found a broken altar of Ashenzari.
  3908 | D:5      | Found a shadowy altar of Dithmenos.
  3958 | D:5      | Found a basalt altar of Yredelemnul.
  3985 | D:5      | Reached skill level 8 in Axes
  4009 | D:5      | Noticed a profane servitor
  4020 | D:5      | Found a glowing golden altar of the Shining One.
  4113 | D:5      | Found a transporter.
  4113 | D:5      | Noticed Girthnturf's ghost (novice CoEn)
  4114 | D:5      | Found a transporter.
  4435 | D:5      | Reached XP level 9. HP: 69/69 MP: 9/9
  4487 | D:5      | Killed Girthnturf's ghost
  4488 | D:5      | Reached skill level 9 in Axes
  4655 | D:6      | Got the Collected Works on the Torrid Wyrd
  4829 | D:6      | Reached skill level 10 in Axes
  4919 | D:6      | Found an iron altar of Okawaru.
  4933 | D:6      | Became a worshipper of Warmaster Okawaru
  5019 | D:6      | Reached skill level 1 in Invocations
  5119 | D:6      | Found a runed translucent door.
  5122 | D:6      | Found a shimmering altar of Xom.
  5122 | D:6      | Noticed ddoljuk's ghost (novice TrSh)
  5123 | D:6      | Noticed a +1 scimitar of chaos
  5131 | D:6      | Killed a +1 scimitar of chaos
  5131 | D:6      | Reached * piety under Okawaru
  5132 | D:6      | Reached skill level 5 in Invocations
  5132 | D:6      | Reached XP level 10. HP: 54/80 MP: 10/13
  5139 | D:6      | Killed ddoljuk's ghost
  5140 | D:6      | Reached skill level 5 in Armour
  5140 | D:6      | Reached skill level 5 in Shields
  5548 | D:6      | Found an opulent altar of Gozag.
  5862 | D:7      | Reached ** piety under Okawaru
  6814 | D:7      | Found a runed translucent door.
  6815 | D:7      | Noticed Crazy Yiuf
  6822 | D:7      | Killed Crazy Yiuf
  7089 | D:8      | Found a snail-covered altar of Cheibriados.
  7163 | D:8      | Found a transporter.
  7206 | D:8      | Found a transporter.
  7206 | D:8      | Noticed a moth of wrath
  7260 | D:8      | Noticed dunhillx's ghost (novice TrBe)
  7339 | D:8      | Reached XP level 11. HP: 83/86 MP: 14/14
  7358 | D:8      | Found a staircase to the Lair.
  7753 | Lair:1   | Entered Level 1 of the Lair of Beasts
  7753 | Lair:1   | Noticed a death yak
  7758 | Lair:1   | Noticed a death yak
  7758 | Lair:1   | Noticed a death yak
  7763 | Lair:1   | Noticed a death yak
  7765 | Lair:1   | Noticed a death yak
  7770 | Lair:1   | Killed a death yak
  7775 | Lair:1   | Killed a death yak
  7775 | Lair:1   | Reached *** piety under Okawaru
  7779 | Lair:1   | Killed a death yak
  7779 | Lair:1   | Reached **** piety under Okawaru
  7788 | Lair:1   | Killed a death yak
  7793 | Lair:1   | Killed a death yak
  7898 | Lair:1   | Reached skill level 11 in Axes
  7999 | Lair:1   | Noticed an elephant
  7999 | Lair:1   | Noticed an elephant
  8013 | Lair:1   | Killed an elephant
  8017 | Lair:1   | Killed an elephant
  8076 | Lair:1   | Noticed an elephant
  8094 | Lair:1   | Killed an elephant
  8104 | Lair:1   | Reached ***** piety under Okawaru
  8111 | Lair:1   | Reached XP level 12. HP: 80/92 MP: 17/19
  8157 | Lair:1   | Reached skill level 10 in Invocations
  8368 | Lair:1   | Found an opulent altar of Gozag.
  8706 | Lair:1   | Reached skill level 12 in Axes
  8900 | Lair:1   | Found a bloodstained altar of Trog.
  9250 | Lair:2   | Received a gift from Okawaru
  9254 | Lair:2   | Reached skill level 10 in Fighting
  9366 | Lair:2   | Found a hole to the Spider Nest.
  9487 | Lair:2   | Identified the +5 ring mail "Cuhaergh" {Str+2}
  9735 | Lair:2   | Noticed Maggie
  9756 | Lair:2   | Killed Maggie
  9772 | Lair:2   | Reached skill level 13 in Axes
  9802 | Lair:2   | Found a runed translucent gate.
  9803 | Lair:2   | Found a runed translucent gate.
  9855 | Lair:2   | Found a runed translucent gate.
  9855 | Lair:2   | Noticed a nine-headed hydra
  9856 | Lair:2   | Noticed Jueryup's ghost (journeyman OpMo)
  9857 | Lair:2   | Noticed a nine-headed hydra
  9867 | Lair:2   | Killed a seven-headed hydra
  9869 | Lair:2   | Killed a seven-headed hydra
  9869 | Lair:2   | Received a gift from Okawaru
  9870 | Lair:2   | Reached XP level 13. HP: 63/106 MP: 13/20
  9879 | Lair:2   | Killed Jueryup's ghost
  9912 | Lair:2   | Identified a scroll of acquirement
 10019 | Lair:2   | Found a staircase to the Shoals.
 10250 | Lair:2   | Reached skill level 14 in Axes
 10545 | Lair:3   | Received a gift from Okawaru
 10821 | Lair:3   | Noticed Gastronok
 10839 | Lair:3   | Killed Gastronok
 11050 | Lair:3   | Reached skill level 15 in Axes
 11306 | Lair:3   | Received a gift from Okawaru
 12171 | Lair:3   | Noticed a six-headed hydra
 12177 | Lair:3   | Killed a three-headed hydra
 12178 | Lair:3   | Reached XP level 14. HP: 110/118 MP: 21/21
 12396 | Lair:4   | Received a gift from Okawaru
 12434 | Lair:4   | Reached skill level 10 in Shields
 12489 | Lair:4   | Found a dark tunnel.
 12498 | Volcano  | Entered a volcano
 12780 | Volcano  | Reached skill level 10 in Armour
 13589 | Lair:4   | Received a gift from Okawaru
 14295 | Lair:5   | Entered Level 5 of the Lair of Beasts
 14529 | Lair:5   | Received a gift from Okawaru
 14552 | Lair:5   | Reached XP level 15. HP: 123/123 MP: 22/22
 15038 | Lair:5   | Received a gift from Okawaru
 15442 | Lair:5   | Reached skill level 5 in Dodging
 15527 | Lair:5   | Found a runed translucent door.
 15528 | Lair:5   | Noticed an acid blob
 15529 | Lair:5   | Noticed an acid blob
 15569 | Lair:5   | Received a gift from Okawaru
 16029 | Lair:5   | Found a staircase to the Slime Pits.
 16042 | Lair:5   | Killed an acid blob
 16043 | Lair:5   | Reached skill level 16 in Axes
 16046 | Lair:5   | Killed an acid blob
 16674 | Lair:5   | Found a staircase to the Slime Pits.
 17627 | D:9      | Received a gift from Okawaru
 17907 | D:9      | Found an ornate altar of the Wu Jian Council.
 18137 | D:10     | Entered Level 10 of the Dungeon
 18200 | D:10     | Noticed Amaemon
 18206 | D:10     | Found a flagged portal.
 18210 | D:10     | Killed Amaemon
 18228 | Bailey   | Entered a bailey
 18517 | Bailey   | Reached XP level 16. HP: 131/133 MP: 23/23
 18609 | Bailey   | Identified the +3 bardiche of Courage {drain, rElec Will+}
 19199 | D:10     | Found an ancient bone altar of Kikubaaqudgha.
 19574 | D:10     | Found a glowing silver altar of Zin.
 19574 | D:10     | Found a white marble altar of Elyvilon.
 19638 | D:11     | Found a staircase to the Orcish Mines.
 19721 | Orc:1    | Entered Level 1 of the Orcish Mines
 19785 | Orc:1    | Received a gift from Okawaru
 20017 | Orc:1    | Found Ening's Armour Shop.
 20195 | Orc:2    | Entered Level 2 of the Orcish Mines
 20231 | Orc:2    | Reached skill level 17 in Axes
 20633 | Orc:2    | Noticed Sonja
 20639 | Orc:2    | Sonja changed into Sonja the steam dragon
 20639 | Orc:2    | Noticed Sonja
 20643 | Orc:2    | Killed Sonja the steam dragon
 20815 | Orc:2    | Found a staircase to the Elven Halls.
 21032 | Orc:1    | Received a gift from Okawaru
 21315 | Orc:2    | Reached skill level 15 in Fighting
 21439 | Orc:2    | Found Caryduje's General Store.
 21439 | Orc:2    | Found Caedgh's Distillery.
 21447 | Orc:2    | Found Luttout's General Store.
 21447 | Orc:2    | Found Wurriapn's Distillery.
 21453 | Orc:2    | Bought a potion of degeneration for 15 gold pieces
 21454 | Orc:2    | Bought a +2 cloak of poison resistance for 277 gold pieces
 21469 | Orc:2    | Bought a potion of curing for 42 gold pieces
 22460 | D:12     | Noticed Lodul
 22482 | D:12     | Killed Lodul
 22674 | D:12     | Identified the +0 arbalest "Taicy" {penet, rF- rN++ Str+5}
 22728 | D:12     | Found a shimmering altar of Xom.
 22737 | D:12     | Received a gift from Okawaru
 22830 | D:13     | Reached skill level 18 in Axes
 22830 | D:13     | Reached skill level 1 in Ranged Weapons
 23283 | D:13     | Noticed Nessos
 23288 | D:13     | Killed Nessos
 23417 | D:13     | Noticed Erolcha
 23422 | D:13     | Killed Erolcha
 23494 | D:13     | Reached XP level 17. HP: 142/142 MP: 24/24
 23800 | D:13     | Reached skill level 5 in Ranged Weapons
 24069 | D:14     | Identified the +0 long sword of Annihilation {venom, rC+
                  | Int+3}
 24100 | D:14     | Reached ****** piety under Okawaru
 24100 | D:14     | Received a gift from Okawaru
 24113 | D:14     | Acquired the +8 frozen axe "Frostbite" {freeze, freezing
                  | cloud, *Noise Fly rC+}
 24113 | D:14     | Received a gift from Okawaru
 24113 | D:14     | Found the +8 frozen axe "Frostbite" {freeze, freezing
                  | cloud, *Noise Fly rC+}
 24120 | D:14     | Acquired the +3 Mad Mage's Maulers {Infuse+∞ VampMP -Cast}
 24120 | D:14     | Received a gift from Okawaru
 24120 | D:14     | Found the +3 Mad Mage's Maulers {Infuse+∞ VampMP -Cast}
 24154 | D:14     | Found a gate to the Vaults.
 25318 | D:15     | Entered Level 15 of the Dungeon
 25460 | D:15     | Received a gift from Okawaru
 25696 | D:15     | Reached skill level 10 in Ranged Weapons
 27238 | D:15     | Found a staircase to the Depths.
 27704 | Spider:1 | Entered Level 1 of the Spider Nest
 27859 | Shoals:1 | Entered Level 1 of the Shoals
 27865 | Shoals:1 | Received a gift from Okawaru
 28735 | Shoals:1 | Noticed a kraken
 28743 | Shoals:1 | Killed a kraken
 29017 | Shoals:1 | Identified the ring of Enkukac {Wiz ^Drain Int+5 Dex+5}
 29975 | Shoals:2 | Reached XP level 18. HP: 149/149 MP: 4/25
 30009 | Shoals:2 | Received a gift from Okawaru
 30373 | Shoals:2 | Identified the +4 dire flail of Optimality {flame, Int+2}
 30379 | Shoals:2 | Noticed Polyphemus
 30392 | Shoals:2 | Killed Polyphemus
 31270 | Shoals:2 | Received a gift from Okawaru
 31514 | Shoals:2 | HP: 7/151 [merfolk javelineer/silver javelin (24)]
 31514 | Shoals:2 | HP: 2/151 [merfolk javelineer/silver javelin (5)]
 31516 | Shoals:2 | Hit by a silver javelin thrown by a merfolk javelineer

Illustrated notes

Levels and vault maps discovered:
D:1:      heliophobic_arrival_enchanted_forest, layout_basic, minmay_tall_x
D:2:      layout_rooms, hellmonk_ecumenical_altar_run_dry, uniq_natasha
D:3:      cheibrodos_thug_alley, layout_loops_cross, vehumet_statue,
          chequers_serial_rivers_micro_e, uniq_grinder
D:4:      layout_basic, minmay_temple_entry_trees, uniq_blork_the_orc,
          uniq_sigmund
D:5:      layout_basic, grunt_temple_overflow_holy_war,
          mainiacjoe_overflow_concentric_impassable,
          mainiacjoe_overflow_alcove_2, gammafunk_ghost_smash
D:6:      layout_basic, grunt_gozag_breadcrumbs, okawaru_metal_pillars_3,
          ebering_ghost_xom
D:7:      layout_basic, uniq_crazy_yiuf_cottage
D:8:      layout_cave_pools, kennysheep_slug_shrine, dpeg_oklobed_lair,
          gammafunk_ghost_berserking_beasts
D:9:      layout_grid_maze, mainiacjoe_overflow_alcove_1, eino_house_with_fridge
D:10:     layout_irregular_city, amethyst_overflow_temple_binary,
          lemuel_round_altar, enter_bailey_8, minmay_crystal_water,
          minivault_21, uniq_amaemon
D:11:     cheibrodos_steamvent, layout_basic, orc_0_dummy,
          mrwooster_statue_mirror
D:12:     layout_cross, regret_index_xom_of_box, uniq_lodul
D:13:     cheibrodos_statue_roulette, layout_cave_pools, grunt_ministairs_8,
          uniq_nessos, uniq_erolcha
D:14:     layout_loops_ring, david_vaults_3, serial_park_tiny_1,
          nicolae_looking_at_the_future
D:15:     gammafunk_enter_depths_forms, layout_layer_cave, nicolae_hexahallways
Temple:   eino_wide_crystal_templ
Lair:1:   layout_misc_corridors, basic_altar, lemuel_centaur_altar,
          grunt_megastairs_3
Lair:2:   layout_regular_city, nicolae_shoals_entry_roost, spider_nest_entry_a,
          gammafunk_ghost_hydra_chop, uniq_maggie
Lair:3:   layout_layer_cave, beast_lair_carwin_3, grunt_megastairs_2,
          uniq_gastronok
Lair:4:   cheibrodos_lair_river_kwai, layout_concentric_octagons,
          enter_volcano_2, small_statue_intersection,
          nicolae_quartered_pool_super, dpeg_oklob_1
Lair:5:   grunt_lair_end_beastmaster, layout_regular_city, slime_entry_2
Shoals:1: layout_shoals, nicolae_shoals_land_atoll
Shoals:2: layout_shoals, nicolae_shoals_water_booths, uniq_polyphemus
Spider:1: layout_cave_pods, hangedman_spider_tarantella_strand, uniq_aizul,
          uniq_azrael
Orc:1:    layout_caves, serial_shops,
          nicolae_shop_temple_entry_statues_fountains
Orc:2:    grunt_orc_tribal_feast, layout_caves, uniq_sonja

Skill      XL: |  1  2  3  4  5  6  7  8  9 10 11 12 13 14 15 16 17 18 |
---------------+-------------------------------------------------------+-----
Axes           | 3 4 6 8 10 11 13 15 16 18 | 18.1
Evocations     | 3 5 |  5.0
Fighting       | 4 6 8 11 13 14 15 16 | 16.0
Armour         | 4 7 8 12 13 | 13.0
Invocations    | 5 9 10 | 10.0
Shields        | 8 12 13 | 13.0
Dodging        | 3 5 |  5.0
Ranged Weapons | 4 12 13 | 13.0

Action                     |  1- 3 |  4- 6 |  7- 9 | 10-12 | 13-15 | 16-18 || total
---------------------------+-------+-------+-------+-------+-------+-------++-------
  Melee: War axe           |    76 |    32 |   169 |       |       |       ||   277
         Halberd           |       |       |    25 |    96 |    50 |       ||   171
         Hand axe          |       |       |       |   224 |   191 |       ||   415
         Great mace        |       |       |       |    21 |       |       ||    21
         Flail             |       |       |       |    39 |    57 |       ||    96
         Glaive            |       |       |       |     8 |    60 |    17 ||    85
         Demon trident     |       |       |       |       |   229 |   180 ||   409
         Battleaxe         |       |       |       |       |   215 |   184 ||   399
         Demon whip        |       |       |       |       |     5 |   196 ||   201
         Executioner's axe |       |       |       |       |       |   185 ||   185
   Fire: Arbalest          |     4 |    21 |    49 |       |       |   213 ||   287
         Longbow           |       |       |    45 |       |       |       ||    45
         Orcbow            |       |       |       |    97 |   165 |    63 ||   325
  Throw: Dart              |       |       |       |     1 |     4 |     1 ||     6
 Invoke: Heroism           |       |       |       |     8 |    11 |    10 ||    29
         Finesse           |       |       |       |     1 |     1 |       ||     2
         Receive Weapon    |       |       |       |       |       |     1 ||     1
         Receive Armour    |       |       |       |       |       |     1 ||     1
Ability: Dig               |       |       |     1 |     1 |       |     1 ||     3
  Evoke: Wand              |       |       |       |       |     1 |     6 ||     7
    Use: Potion            |       |       |     2 |     1 |       |       ||     3
         Scroll            |       |       |       |       |    10 |     4 ||    14
   Stab: Petrified         |       |       |       |       |    17 |       ||    17
         Petrifying        |       |       |       |       |     1 |       ||     1
         Confused          |       |       |       |       |       |     2 ||     2
 Armour: Scale mail        |    64 |    37 |   121 |    47 |       |       ||   269
         Plate armour      |       |       |       |   127 |   298 |   478 ||   903
         Ring mail         |       |       |       |    36 |   163 |       ||   199
  Dodge: Dodged            |    42 |    11 |    61 |    79 |   221 |   331 ||   745
  Block: Buckler           |    18 |     8 |    58 |    25 |       |       ||   109
         Reflection        |       |       |     3 |    15 |     6 |   100 ||   124
         Kite shield       |       |       |       |   238 |   623 |   791 ||  1652

Table legend: (Time is in decaauts)
 A = Elapsed time spent in this place.
 B = Non-inter-level travel time spent in this place.
 C = Inter-level travel time spent in this place.
 D = Time resting spent in this place.
 E = Time spent auto-exploring this place.
 F = Levels seen in this place.
 G = Mean time per level.
                   A        B        C        D        E       F      G
               +--------+--------+--------+--------+--------+-----+--------+
         Total |  31554 |  30423 |   1131 |    136 |  24577 |  28 | 1126.9 |
       Dungeon |  15973 |  15241 |    732 |    136 |  12372 |  15 | 1064.9 |
        Temple |      1 |      1 |      0 |      0 |      0 |   1 |    1.0 |
          Lair |   8568 |   8252 |    316 |      0 |   6639 |   5 | 1713.6 |
        Shoals |   3694 |   3681 |     13 |      0 |   3258 |   2 | 1847.0 |
   Spider Nest |    129 |    125 |      4 |      0 |    102 |   1 |  129.0 |
  Orcish Mines |   1728 |   1665 |     63 |      0 |   1274 |   2 |  864.0 |
        Bailey |    668 |    668 |      0 |      0 |    370 |   1 |  668.0 |
       Volcano |    790 |    790 |      0 |      0 |    561 |   1 |  790.0 |
               +--------+--------+--------+--------+--------+-----+--------+

Top non-repeatable levels by time:
  Lair:5: 2753 daAuts
    D:15: 2213 daAuts
Shoals:1: 2121 daAuts
  Lair:3: 1781 daAuts
Shoals:2: 1573 daAuts
  Lair:1: 1444 daAuts
  Lair:2: 1383 daAuts
     D:7: 1311 daAuts
    D:14: 1306 daAuts
    D:13: 1240 daAuts
     D:3: 1225 daAuts
  Lair:4: 1206 daAuts
     D:4: 1197 daAuts
     D:6: 1175 daAuts
     D:9: 1005 daAuts
